 Dungeon Crawl Stone Soup version 0.29-a0-997-gf6f7e2dfe7 (webtiles) character file.

Game seed: 6780916215790214401

95 zishaf the Sneak (level 4, -3/23 HPs)
             Began as a Vine Stalker Brigand on Aug 4, 2022.
             Slain by Crazy Yiuf
             ... wielding a +2 quarterstaff of chaos
              (7 damage)
             ... on level 2 of the Dungeon.
             The game lasted 00:02:33 (1599 turns).

zishaf the Sneak (Vine Stalker Brigand)             Turns: 1599, Time: 00:02:34

Health: -3/23      AC:  6    Str: 13    XL:     4   Next: 66%
Magic:  0/5        EV: 10    Int: 11    God:
Gold:   91         SH:  0    Dex: 18    Spells: 3/3 levels left

rFire   . . .      SeeInvis .   a - +2 dagger
rCold   . . .      Faith    .   (no shield)
rNeg    . . .      Spirit   +   k - +0 ring mail
rPois   .          Reflect  .   (no helmet)
rElec   .          Harm     .   c - +0 cloak
rCorr   .          Rampage  .   (no gloves)
Will    .....                   (no boots)
Stlth   +++.......              (no amulet)
HPRegen 0.87/turn               (no ring)
MPRegen 0.09/turn               (no ring)

@: no status effects
A: fangs 2, regeneration 1, magic shield, antimagic bite, no potion heal 2
a: no special abilities


You were on level 2 of the Dungeon.
You visited 1 branch of the dungeon, and saw 2 of its levels.

You collected 91 gold pieces.

Inventory:

Hand Weapons
 a - a +2 dagger (weapon)
Missiles
 d - 9 poisoned darts (quivered)
 e - 3 curare-tipped darts
Armour
 b - a +0 robe
 c - a +0 cloak (worn)
 h - a +0 leather armour
 k - a +0 ring mail (worn)
Scrolls
 g - a scroll of enchant weapon {unknown}
 j - 3 scrolls of identify {unknown}
 l - 2 scrolls of fear {unknown}
 m - 6 scrolls of teleportation {unknown}
 p - a scroll of vulnerability {unknown}
Potions
 f - a potion of flight {unknown}
 i - 2 potions of lignification
 n - a potion of heal wounds {unknown}
 o - 3 potions of attraction {unknown}
 q - 2 potions of ambrosia {unknown}
 r - a potion of curing {unknown}


   Skills:
 + Level 2.5 Fighting
 + Level 2.6 Short Blades
 + Level 2.5 Throwing
 - Level 1.0 Dodging
 + Level 5.5 Stealth


You had 3 spell levels left.
You didn't know any spells.
Your spell library was empty.

Dungeon Overview and Level Annotations

Branches:
Dungeon (2/15)

Altars:

Shops:
D:2 *

Annotations:
D:2 Crazy Yiuf


Innate Abilities, Weirdness & Mutations

You have extremely sharp teeth.
Your natural rate of healing is unusually fast.
When hurt, damage is shared between your health and your magic reserves.
Your bite disrupts and absorbs the magic of your enemies.
Potions cannot restore your health.


Message History

The dart slug is moderately wounded.
The dart slug bites you but does no damage.
You hit the dart slug.
The dart slug is almost dead.
The dart slug launches a dart at you. The slug dart misses you.
You hit the dart slug.
You kill the dart slug!
No target in view!
You see here a dart slug corpse.
Found a hammer.
Found a runed translucent door.
Crazy Yiuf shouts!
You see here a rat skeleton.
You see here a dart slug corpse.
You see here a dart slug corpse.
Crazy Yiuf shouts!
You open the door. You hit Crazy Yiuf. Your bite misses Crazy Yiuf.
Crazy Yiuf is moderately wounded.
Crazy Yiuf hits you with a +2 quarterstaff of chaos!
Crazy Yiuf freezes you.
You hit Crazy Yiuf. You bite Crazy Yiuf. You drain his power.
You feel invigorated.
Crazy Yiuf is severely wounded.
Crazy Yiuf hits you with a +2 quarterstaff of chaos!
Crazy Yiuf burns you.
You barely miss Crazy Yiuf. You bite Crazy Yiuf. You drain his power.
You feel invigorated.
Crazy Yiuf is severely wounded.
Crazy Yiuf hits you with a +2 quarterstaff of chaos!
* * * LOW HITPOINT WARNING * * *
You resist with some effort.
You closely miss Crazy Yiuf.
Crazy Yiuf is severely wounded.
Crazy Yiuf barely misses you.
You hit Crazy Yiuf. You bite Crazy Yiuf, but do no damage.
Crazy Yiuf is severely wounded.
Crazy Yiuf laughs, "Peeping!"
Crazy Yiuf hits you with a +2 quarterstaff of chaos!
You die...

#######
#########...... ###
###.#....###...##
#...##..#......####...
#...g@####......# ###.
#)..### ##.....###...
### ####..##..#.
#.#...##. #...#####
#########.#######
#.........# #....
#.........# #....
#########†# #....


You could see Crazy Yiuf.

Vanquished Creatures
  5 adders (D:2)
  A worm (D:2)
  3 dart slugs
  5 endoplasms
  A giant cockroach (D:1)
  6 goblins
  3 jackals (D:2)
  2 kobolds (D:1)
  A quokka (D:1)
  7 ball pythons
  3 bats
  3 frilled lizards
  3 rats
43 creatures vanquished.

Notes
Turn   | Place    | Note
-------+----------+-------------------------------------------
     0 | D:1      | zishaf the Vine Stalker Brigand began the quest for the
                  | Orb.
     0 | D:1      | Reached XP level 1. HP: 11/11 MP: 2/2
   265 | D:1      | Reached skill level 1 in Dodging
   265 | D:1      | Reached XP level 2. HP: 15/15 MP: 3/3
   276 | D:1      | Reached skill level 5 in Stealth
   750 | D:1      | Reached XP level 3. HP: 18/18 MP: 4/4
  1108 | D:2      | Found Doum's General Store.
  1145 | D:2      | Gained mutation: Your natural rate of healing is unusually
                  | fast. [Vine Stalker growth]
  1145 | D:2      | Reached XP level 4. HP: 7/23 MP: 5/5
  1176 | D:2      | Found a faded altar of an unknown god.
  1481 | D:2      | Found a runed translucent door.
  1482 | D:2      | Noticed Crazy Yiuf
  1599 | D:2      | Slain by Crazy Yiuf

Illustrated notes

Levels and vault maps discovered:
D:1:      amcnicky_arrival_single_pillar, layout_basic, minmay_misc_feat_chi
D:2:      layout_rooms, nicolae_ecumenical_snake_handling, serial_shops, shop,
          uniq_crazy_yiuf_cottage

Skill      XL: |  1  2 |
---------------+-------+-----
Dodging        | 1 |  1.0
Stealth        | 5 |  5.5
Short Blades   | 2 |  2.6
Fighting       | 2 |  2.5
Throwing       | 2 |  2.5

Action                   |  1- 3 |  4- 6 || total
-------------------------+-------+-------++-------
Melee: Dagger            |    73 |    42 ||   115
       Bite              |    10 |     8 ||    18
       Punch             |     1 |       ||     1
  Use: Potion            |     1 |       ||     1
 Stab: Sleeping          |    14 |     3 ||    17
Armor: Leather armour    |     4 |       ||     4
       Robe              |     2 |       ||     2
       Ring mail         |    22 |     3 ||    25
       Skin              |     7 |    11 ||    18
Dodge: Dodged            |    21 |    16 ||    37

Table legend: (Time is in decaauts)
 A = Elapsed time spent in this place.
 B = Non-inter-level travel time spent in this place.
 C = Inter-level travel time spent in this place.
 D = Time resting spent in this place.
 E = Time spent auto-exploring this place.
 F = Levels seen in this place.
 G = Mean time per level.
                   A        B        C        D        E       F      G
               +--------+--------+--------+--------+--------+-----+--------+
         Total |   1585 |   1554 |     31 |      0 |   1230 |   2 |  792.5 |
       Dungeon |   1585 |   1554 |     31 |      0 |   1230 |   2 |  792.5 |
               +--------+--------+--------+--------+--------+-----+--------+

Top non-repeatable levels by time:
     D:1: 817 daAuts
     D:2: 768 daAuts
